 Dungeon Crawl Stone Soup version 0.28-a0-1199-gef9e1dbd39 (console) character file.

Game seed: 17869478387645996538

401 jejorda2 the Poker (level 6, -10/51 HPs)
             Began as a Merfolk Berserker on Dec 19, 2021.
             Was a Believer of Trog.
             Killed by divine providence
             ... invoked by an orc priest
              (14 damage)
             ... on level 3 of the Dungeon.
             The game lasted 00:04:36 (2250 turns).

jejorda2 the Poker (Merfolk Berserker)              Turns: 2250, Time: 00:04:36

Health: -10/51     AC:  6    Str: 19    XL:     6   Next: 85%
Magic:  6/6        EV: 10    Int:  6    God:    Trog [**....]
Gold:   165        SH:  0    Dex: 14    Spells: 5/5 levels left

rFire   . . .      SeeInvis .   a - +2 spear (venom)
rCold   + . .      Faith    .   (no shield)
rNeg    . . .      Spirit   .   d - +0 scale mail
rPois   .          Reflect  .   (no helmet)
rElec   .          Harm     .   (no cloak)
rCorr   .          Rampage  .   (no gloves)
Will    .....                   (no boots)
Stlth   ..........              (no amulet)
HPRegen 0.17/turn               i - ring of protection from cold
MPRegen 0.10/turn               (no ring)

@: mighty, on berserk cooldown
A: (nimble swimmer 2), mertail
a: Renounce Religion, Berserk, Trog's Hand


You were on level 3 of the Dungeon.
You worshipped Trog.
Trog was pleased with you.
You visited 1 branch of the dungeon, and saw 3 of its levels.

You collected 165 gold pieces.

Inventory:

Hand Weapons
 a - a +2 spear of venom (weapon)
 e - a +0 spear
Missiles
 c - 56 stones
 h - 12 poisoned darts (quivered)
 o - 2 silver boomerangs
Armour
 b - a +0 animal skin
 d - a +0 scale mail (worn)
Jewellery
 i - a ring of protection from cold (left hand)
Scrolls
 f - a scroll of magic mapping {unknown}
 g - 3 scrolls of identify {unknown}
 k - a scroll of noise {unknown}
Potions
 m - a potion of brilliance


   Skills:
 + Level 5.1 Fighting
 + Level 7.7 Polearms
 + Level 3.0 Armour
 - Level 2.6 Dodging


You had 5 spell levels left.
You didn't know any spells.
Your spell library was empty.

Dungeon Overview and Level Annotations

Branches:
Dungeon (3/15)

Altars:
Zin


Innate Abilities, Weirdness & Mutations

((You are quick and stealthy near water. (Stealth+, EV+, Speed+++)))
Your lower body shifts to a powerful aquatic tail in water.


Message History

* * * LOW HITPOINT WARNING * * *
You hit something.
You feel the effects of Trog's Hand fading.
Something hits you.
* * * LOW HITPOINT WARNING * * *
It was a potion of brilliance.
You feel clever all of a sudden. Something hits you.
* * * LOW HITPOINT WARNING * * *
Something hits you but does no damage.
It was a potion of haste.
You feel yourself speed up. Something hits you but does no damage.
The orc priest invokes the aid of Beogh against you.
It was a potion of cancellation.
Your magical effects are unravelling.
You feel magically purged.
You feel yourself speed up.
You feel yourself slow down.
You feel a little less clever now. Something hits you but does no damage.
It was a potion of might.
You feel very mighty all of a sudden. Something hits you.
* * * LOW HITPOINT WARNING * * *
You completely miss something.
Your skin stops crawling.
You feel less strong-willed. Something hits you but does no damage.
Reach: a) +2 spear (venom)
Press: ? - help, Dir - move target, f - orc priest
Aim: an orc priest, wielding a +0 mace (about 32% to evade your +2 spear of venom)
Something you can't see is in the way.
You puncture something! Trog accepts your kill.
Trog appreciates your killing of a magic user.
Reactivating autopickup.
You feel a bit more experienced.
You barely miss the orc priest. The orc priest barely misses you.
You hit the orc priest.
The orc priest is poisoned.
The orc priest is moderately wounded.
The orc priest invokes the aid of Beogh against you.
Beogh smites you!
You die...

.......#....)........
.#.#####.#....######.
.#.#.........##
.......#.#.#.#
.#.#.#.#.#.#.#
.#...#.#.#.#.#
##...#.#.#.#.###
..............>#####.#
######.#.###...)@o...#
.....#.#...#.#.#######
####.#.###.###.#
.....#.# #.....#
######.# #######
.†.....# ########


You could see an orc priest (very poisoned).

Vanquished Creatures
  An orc warrior (D:3)
  2 hounds
  2 orc priests (D:3)
  An iguana (D:2)
  An orc wizard (D:3)
  4 gnolls (D:3)
  4 adders
  3 dart slugs
  3 worms
  An orc (D:3)
  2 bats (D:2)
  3 endoplasms (D:3)
  3 giant cockroaches
  4 hobgoblins
  2 quokkas
  2 ball pythons
  3 frilled lizards
  6 goblins
  8 kobolds
  5 rats
60 creatures vanquished.

Notes
Turn   | Place    | Note
-------+----------+-------------------------------------------
     0 | D:1      | jejorda2 the Merfolk Berserker began the quest for the Orb.
     0 | D:1      | Reached XP level 1. HP: 18/18 MP: 1/1
   632 | D:1      | Reached XP level 2. HP: 24/24 MP: 2/2
   812 | D:2      | Reached skill level 5 in Polearms
   819 | D:2      | Reached XP level 3. HP: 28/30 MP: 3/3
   939 | D:2      | Found a faded altar of an unknown god.
   947 | D:2      | Reached XP level 4. HP: 37/37 MP: 4/4
  1105 | D:2      | Found a glowing silver altar of Zin.
  1202 | D:2      | Reached skill level 6 in Polearms
  1239 | D:2      | Reached ** piety under Trog
  1489 | D:2      | Reached XP level 5. HP: 39/42 MP: 5/5
  1986 | D:3      | Reached skill level 7 in Polearms
  2200 | D:3      | Reached XP level 6. HP: 49/49 MP: 6/6
  2221 | D:3      | Noticed an orc warrior
  2236 | D:3      | Killed an orc warrior
  2237 | D:3      | Reached skill level 5 in Fighting
  2242 | D:3      | HP: 2/51 [something (4)]
  2250 | D:3      | Killed from afar by an orc priest

Illustrated notes

Levels and vault maps discovered:
D:1:      eino_arrival_cavern_a, layout_loops_ring
D:2:      layout_loops_cross, shapermc_ecumenical_altar_starsandcircs,
          basic_altar
D:3:      layout_basic

Skill      XL: |  1  2  3  4  5  6 |
---------------+-------------------+-----
Polearms       | 5 6 7 |  7.7
Armour         | 2 3 |  3.0
Fighting       | 4 5 |  5.1
Dodging        | |  2.6

Action                   |  1- 3 |  4- 6 || total
-------------------------+-------+-------++-------
Melee: Spear             |    45 |   134 ||   179
Invok: Berserk           |     1 |     2 ||     3
       Trog's Hand       |       |     2 ||     2
  Use: Potion            |       |     4 ||     4
Armor: Scale mail        |    14 |    22 ||    36
Dodge: Dodged            |    19 |    23 ||    42

Table legend: (Time is in decaauts)
 A = Elapsed time spent in this place.
 B = Non-inter-level travel time spent in this place.
 C = Inter-level travel time spent in this place.
 D = Time resting spent in this place.
 E = Time spent auto-exploring this place.
 F = Levels seen in this place.
 G = Mean time per level.
                   A        B        C        D        E       F      G
               +--------+--------+--------+--------+--------+-----+--------+
         Total |   2223 |   2191 |     32 |    108 |   1748 |   3 |  741.0 |
       Dungeon |   2223 |   2191 |     32 |    108 |   1748 |   3 |  741.0 |
               +--------+--------+--------+--------+--------+-----+--------+

Top non-repeatable levels by time:
     D:2: 839 daAuts
     D:1: 709 daAuts
     D:3: 674 daAuts
